 Dungeon Crawl Stone Soup version 0.19.3-4-gbf9329e (webtiles) character file.

27622 lisu the Warrior (level 13, -6/128 HPs)
             Began as a Minotaur Fighter on Jan 27, 2017.
             Was the Champion of Okawaru.
             Shot with an arrow by Nessos (18 damage)
             ... on level 4 of the Lair of Beasts.
             The game lasted 01:55:02 (12702 turns).

lisu the Warrior (Minotaur Fighter)                Turns: 12702, Time: 01:55:03

Health: -6/128     AC: 12    Str: 26    XL:     13   Next: 5%
Magic:  12/12      EV: 10    Int:  7    God:    Okawaru [******]
Gold:   706        SH:  0    Dex: 13    Spells: 0 memorised, 12 levels left

rFire  + . .     SeeInvis .     b - +1 hunting sling
rCold  . . .     Gourm    .     D - +1 ring mail "Xybu" {Str+3}
rNeg   . . .     Faith    .     (no shield)
rPois  +         Spirit   .     q - +0 hat
rElec  .         Reflect  .     e - +0 cloak
rCorr  .         Harm     .     t - +1 pair of gloves
MR     .....                    (no boots)
Stlth  +.........               G - amulet of rage
                                y - +2 ring of dexterity
                                x - +1 ring of slaying

@: about to teleport, very slightly contaminated
A: retaliatory headbutt, horns 2, yellow scales 1, fire resistance 1, poison
resistance
a: Heroism, Finesse, Renounce Religion, Evoke Berserk Rage


You were on level 4 of the Lair of Beasts.
You worshipped Okawaru.
Okawaru was exalted by your worship.
You were not hungry.

You visited 3 branches of the dungeon, and saw 14 of its levels.

You collected 706 gold pieces.

Inventory:

Hand Weapons
 a - a +1 halberd of venom
 b - a +1 hunting sling (weapon)
Missiles
 k - 105 sling bullets (quivered)
 I - 9 tomahawks
 J - 5 tomahawks of returning
Armour
 e - a +0 cloak (worn)
 q - a +0 hat (worn)
 t - a +1 pair of gloves (worn)
 D - the +1 ring mail "Xybu" (worn) {Str+3}
   (You found it on level 5 of the Dungeon)

   It affects your strength (+3).
Jewellery
 x - a +1 ring of slaying (left hand)
 y - a +2 ring of dexterity (right hand)
 G - an amulet of rage (around neck)
Wands
 E - a wand of digging (8/24)
 W - a wand of teleportation (4/9)
Scrolls
 h - 2 scrolls of immolation {unknown}
 i - a scroll of fear
 o - a scroll of teleportation
 N - a scroll of acquirement {unknown}
 P - 2 scrolls of enchant armour {unknown}
 Q - a scroll of random uselessness {unknown}
 Y - a scroll of recharging {unknown}
Potions
 j - 2 potions of magic
 m - 2 potions of cancellation {unknown}
 v - 2 potions of brilliance {unknown}
 w - a potion of flight
 H - 2 potions of lignification {unknown}
 M - 2 potions of agility {unknown}
 R - a potion of cure mutation {unknown}
Comestibles
 d - 5 fruits
 f - 12 bread rations
 r - a slice of pizza
 z - 6 royal jellies
 B - 4 beef jerkies


   Skills:
 + Level 16.1 Fighting
 + Level 14.2 Polearms
 - Level 12.0(12.4) Slings
 + Level 4.8(8.7) Throwing
 - Level 4.3 Armour
   Level 3.6 Shields


You had 12 spell levels left.
You didn't know any spells.

Dungeon Overview and Level Annotations

Branches:
Dungeon (9/15)             Temple (1/1) D:7            Lair (4/6) D:9
  Swamp (0/4) Lair:3       Spider (0/4) Lair:3          Orc (0/2) D:9

Altars:
Ashenzari
Cheibriados
Dithmenos
Elyvilon
Fedhas
Gozag
Hepliaklqana
Kikubaaqudgha
Makhleb
Nemelex Xobeh
Okawaru
Qazlal
Ru
Sif Muna
Trog
Uskayaw
Vehumet
Xom
Yredelemnul
Zin
The Shining One

Shops:
D:7 (

Annotations:
Lair:2 Nergalle
Lair:4 Nessos


Innate Abilities, Weirdness & Mutations

You reflexively headbutt those who attack you in melee.
You have a pair of horns on your head.
You are partially covered in yellow scales. (AC +2)
Your flesh is heat resistant. (rF+)
Your system is resistant to poisons. (rPois)


Message History

* * * LOW HITPOINT WARNING * * *
The arrow burns you.
* * * LOW HITPOINT WARNING * * *
As you read the scroll of fear, it crumbles to dust.
You assume a fearsome visage.
Nessos looks frightened!
Nessos blinks! x2
As you read the scroll of teleportation, it crumbles to dust.
You feel strangely unstable.
Nessos blinks! x2
Found a stone staircase leading down.
Your surroundings suddenly seem different.
Nessos blinks! x2
Found a stone staircase leading down.
As you read the scroll of teleportation, it crumbles to dust.
You feel strangely unstable.
Nessos blinks!
Nessos yells at you, "GO AWAY!"
Nessos blinks!
Nessos blinks! x2
Nessos seems to regain his courage.
Nessos intently looks at you, slowly moving his tail.
Nessos shoots an arrow.
The arrow hits you!!
You die...

#..##....(....P
#..####..(..§.# #####
##...# ##....§..#....####
...P## #........>......
#...## #.............#
#....#.. #..............
........#..#............#
.........................
................@........
.........####..........c.
......... #............
......... ##..........#
......... ##........##
........ #........#
....... ........## ....
###......# ##..P.##


You could see Nessos.

Vanquished Creatures
  Snorg (Lair:3)
  Harold (Lair:2)
  2 hydras
  The ghost of Mefis the Thaumaturge, a journeyman DEWz of Sif Muna (Lair:1)
  2 black mambas (Lair:1)
  6 spiny frogs
  4 komodo dragons
  A rime drake (Lair:3)
  A queen bee (Lair:3)
  4 jumping spiders (Lair:3)
  A polar bear (Lair:1)
  A troll (D:9)
  3 tyrant leeches (Lair:3)
  16 blink frogs
  2 hippogriffs (Lair:3)
  Sigmund (D:5)
  4 redbacks (Lair:3)
  A spriggan (D:7)
  2 wyverns
  Eustachio (D:6)
  19 yaks
  2 basilisks
  A steam dragon (Lair:3)
  Edmund (D:6)
  Duvessa (D:6)
  15 porcupines
  12 water moccasins
  8 orc warriors
  2 ice beasts
  A phantom (D:9)
  4 black bears
  A sky beast (D:9)
  3 ogres
  A necrophage (D:7)
  3 wolves
  3 centaurs
  14 crocodiles
  13 bullfrogs
  Dowan (D:6)
  A wyvern skeleton (D:8)
  3 scorpions
  27 killer bees
  8 wights
  2 howler monkeys (D:7)
  2 electric eels (D:9)
  A lava snake (D:7)
  3 crimson imps
  7 hounds
  A jelly (D:5)
  A centaur zombie (D:6)
  11 orc priests
  10 orc wizards
  2 bullfrog skeletons
  8 worker ants
  A hell rat (Lair:3)
  A hound zombie (D:7)
  A hound skeleton (D:7)
  A worker ant zombie (D:5)
  7 gnolls
  A howler monkey skeleton (D:4)
  2 river rats (Lair:3)
  11 adders
  2 shadow imps
  An ooze (D:2)
  2 adder skeletons
  2 adder zombies
  2 dart slugs
  A leopard gecko (D:8)
  46 orcs
  A ball python (D:6)
  7 bats
  7 giant cockroaches
  11 goblins
  7 hobgoblins
  24 jackals
  4 frilled lizards
  3 kobolds
  A quokka skeleton (D:7)
  11 rats
404 creatures vanquished.

Vanquished Creatures (others)
  8 fungi
  6 plants (Lair:3)
14 creatures vanquished.

Grand Total: 418 creatures vanquished

Notes
Turn   | Place    | Note
-------+----------+-------------------------------------------
     0 | D:1      | lisu the Minotaur Fighter began the quest for the Orb.
     0 | D:1      | Reached XP level 1. HP: 19/19 MP: 0/0
   202 | D:1      | Reached skill level 4 in Fighting
   205 | D:1      | Reached XP level 2. HP: 27/27 MP: 1/1
   793 | D:1      | Reached XP level 3. HP: 33/33 MP: 2/2
  1524 | D:2      | Reached skill level 1 in Slings
  1524 | D:2      | Reached XP level 4. HP: 36/41 MP: 3/3
  1673 | D:3      | Reached skill level 5 in Fighting
  1982 | D:3      | Reached XP level 5. HP: 30/48 MP: 4/4
  2345 | D:4      | Found a snail-covered altar of Cheibriados.
  2385 | D:4      | Reached skill level 6 in Fighting
  2435 | D:4      | Reached XP level 6. HP: 44/58 MP: 5/5
  2809 | D:5      | Entered Level 5 of the Dungeon
  2845 | D:5      | Got a warped ring mail
  2885 | D:5      | Found a sparkling altar of Nemelex Xobeh.
  2885 | D:5      | Noticed Sigmund
  2904 | D:5      | Killed Sigmund
  2904 | D:5      | Reached skill level 7 in Fighting
  2904 | D:5      | Reached XP level 7. HP: 66/66 MP: 6/6
  3040 | D:5      | Reached skill level 5 in Polearms
  3137 | D:5      | Found an iron altar of Okawaru.
  3144 | D:5      | Became a worshipper of Warmaster Okawaru
  3362 | D:6      | Got a warped leather armour
  3365 | D:6      | Found a stormy altar of Qazlal.
  3408 | D:6      | Reached skill level 8 in Fighting
  3414 | D:6      | Noticed Dowan
  3683 | D:6      | Found an opulent altar of Gozag.
  3782 | D:6      | Noticed Edmund
  3793 | D:6      | Reached * piety under Okawaru
  3793 | D:6      | Reached XP level 8. HP: 75/75 MP: 7/7
  3796 | D:6      | Killed Edmund
  3796 | D:6      | Reached skill level 9 in Fighting
  3832 | D:6      | Noticed Eustachio
  3849 | D:6      | Killed Eustachio
  3928 | D:6      | Reached skill level 5 in Slings
  4303 | D:6      | Noticed Duvessa
  4331 | D:6      | Killed Duvessa
  4334 | D:6      | Killed Dowan
  4334 | D:6      | Reached skill level 10 in Fighting
  4472 | D:7      | Reached ** piety under Okawaru
  4645 | D:7      | Reached XP level 9. HP: 86/86 MP: 8/8
  4694 | D:7      | Identified the +1 ring mail "Xybu" {Str+3} (You found it on level 5 of the Dungeon)
  4837 | D:7      | Found a burning altar of Makhleb.
  4915 | D:7      | Found Riakyrph's Weapon Shop.
  4941 | D:7      | Found an iron altar of Okawaru.
  5033 | D:7      | Found a staircase to the Ecumenical Temple.
  5194 | D:7      | Reached *** piety under Okawaru
  5194 | D:7      | Reached skill level 11 in Fighting
  5345 | D:8      | Found a shadowy altar of Dithmenos.
  5865 | D:8      | Found a blossoming altar of Fedhas.
  5959 | D:8      | Reached skill level 12 in Fighting
  6013 | D:8      | Found a white marble altar of Elyvilon.
  6199 | Temple   | Entered the Ecumenical Temple
  6446 | D:8      | Reached **** piety under Okawaru
  6552 | D:9      | Reached XP level 10. HP: 97/97 MP: 9/9
  6902 | D:9      | Found a staircase to the Orcish Mines.
  6988 | D:9      | Reached ***** piety under Okawaru
  7050 | D:9      | Reached skill level 10 in Polearms
  7200 | D:9      | Found a staircase to the Lair.
  7591 | D:9      | Gained mutation: Your flesh is heat resistant. (rF+) [potion of mutation]
  7591 | D:9      | Gained mutation: Your system is resistant to poisons. (rPois) [potion of mutation]
  7591 | D:9      | Gained mutation: You are partially covered in yellow scales. (AC +2) [potion of mutation]
  7815 | Lair:1   | Entered Level 1 of the Lair of Beasts
  7844 | Lair:1   | Reached skill level 13 in Fighting
  7954 | Lair:1   | Noticed Mefis's ghost (journeyman DEWz)
  7970 | Lair:1   | Killed Mefis's ghost
  7970 | Lair:1   | Received a gift from Okawaru
  8119 | Lair:1   | Noticed an eight-headed hydra
  8129 | Lair:1   | Killed an eight-headed hydra
  8129 | Lair:1   | Received a gift from Okawaru
  8129 | Lair:1   | Reached XP level 11. HP: 53/107 MP: 7/10
  8411 | Lair:1   | Received a gift from Okawaru
  8411 | Lair:1   | Reached skill level 10 in Slings
  8419 | Lair:1   | Got a scorched falchion {god gift}
  8831 | Lair:2   | Noticed Harold
  8850 | Lair:2   | Killed Harold
  8850 | Lair:2   | Reached skill level 14 in Fighting
  9285 | Lair:2   | Noticed Nergalle
  9316 | Lair:2   | Reached ****** piety under Okawaru
  9758 | Lair:3   | Received a gift from Okawaru
  9759 | Lair:3   | Got a pair of ancient boots {god gift}
  9825 | Lair:2   | Identified the -2 pair of boots of Impermeability {rPois rN+ Int+4} (Okawaru gifted it to you on level 3 of the Lair of Beasts)
 10017 | Lair:3   | Reached XP level 12. HP: 95/118 MP: 11/11
 10122 | Lair:3   | Noticed an eight-headed hydra
 10130 | Lair:3   | Killed an eight-headed hydra
 10132 | Lair:3   | Noticed Snorg
 10146 | Lair:3   | Killed Snorg
 10157 | Lair:3   | Reached skill level 15 in Fighting
 10526 | Lair:3   | Reached skill level 1 in Throwing
 10531 | Lair:3   | Found a hole to the Spider Nest.
 10737 | Lair:3   | Received a gift from Okawaru
 11404 | Lair:3   | Reached skill level 16 in Fighting
 11623 | Lair:3   | Found a staircase to the Swamp.
 12330 | Lair:4   | Reached XP level 13. HP: 128/128 MP: 12/12
 12676 | Lair:4   | Noticed Nessos
 12702 | Lair:4   | Shot with an arrow by Nessos

Skill      XL: |  1  2  3  4  5  6  7  8  9 10 11 12 |
---------------+-------------------------------------+-----
Fighting       | 4 5 6 7 8 10 12 13 14 16 | 16.1
Armour         | 4 |  4.3
Polearms       | 3 4 5 7 9 10 12 14 | 14.2
Slings         | 1 2 3 4 5 7 9 11 12 | 12.0
Throwing       | 4 |  4.8
Shields        | |  3.6

Action                   |  1- 3 |  4- 6 |  7- 9 | 10-12 | 13-15 || total
-------------------------+-------+-------+-------+-------+-------++-------
Melee: Trident           |   121 |   121 |   234 |     5 |       ||   481
       Headbutt          |    17 |    15 |    57 |    84 |     5 ||   178
       Halberd           |       |       |    30 |   420 |    19 ||   469
       Punch             |       |       |       |     1 |       ||     1
 Fire: Hunting sling     |    10 |    68 |   126 |   289 |    13 ||   506
Throw: Tomahawk          |       |     1 |    13 |    97 |     6 ||   117
Invok: Heroism           |       |       |       |     1 |     1 ||     2
  Use: Scroll            |     4 |     2 |    11 |     8 |     6 ||    31
       Potion            |       |     1 |     5 |     5 |     2 ||    13
 Stab: Distracted        |       |       |       |     1 |       ||     1
       Held in net/web   |       |       |       |     1 |       ||     1
  Eat: Bread ration      |     1 |     1 |       |       |     1 ||     3
       Chunk             |       |       |     2 |     1 |       ||     3
       Meat ration       |       |       |     2 |     3 |       ||     5
Armor: Scale mail        |    48 |    28 |    34 |       |       ||   110
       Ring mail         |       |       |    25 |   106 |     3 ||   134
Dodge: Dodged            |    23 |    22 |    47 |   158 |     6 ||   256
Block: Shield            |    49 |    44 |    69 |       |       ||   162
